 Dungeon Crawl Stone Soup version 0.30-a0-996-ga6910c8ee8 (webtiles) character file.

Game seed: 10422881959410321040

118 DeathPants the Slasher (level 5, -2/28 HPs)
             Began as a Vine Stalker Monk on Apr 4, 2023.
             Slain by an ogre
             ... wielding a +0 giant club
              (6 damage)
             ... on level 4 of the Dungeon.
             The game lasted 00:10:12 (2595 turns).

DeathPants the Slasher (Vine Stalker Monk)          Turns: 2595, Time: 00:10:13

Health: -2/28      AC:  8    Str: 13    XL:     5   Next: 2%
Magic:  0/8        EV: 13    Int: 12    God:
Gold:   110        SH:  0    Dex: 17    Spells: 7/7 levels left

rFire   . . .      SeeInvis .    b - +2 dagger (venom)
rCold   . . .      Faith    .    (no shield)
rNeg    . . .      Spirit   +    j - +2 robe
rPois   .          Reflect  .    (no helmet)
rElec   .          Rampage  .    (no cloak)
rCorr   .                        (no gloves)
Will    .....                    (no boots)
Stlth   ++                       l - amulet of magic regeneration
HPRegen 1.04/turn                n - +4 ring of protection
MPRegen 0.51/turn                (no ring)

@: mighty
A: fangs 2, regeneration 1, magic shield, antimagic bite, no potion heal 2
a: no special abilities


You were on level 4 of the Dungeon.
You visited 1 branch of the dungeon, and saw 5 of its levels.

You collected 110 gold pieces.

Inventory:

Hand Weapons
 a - a +0 long sword
 b - a +2 dagger of venom (weapon)
Missiles
 d - 2 poisoned darts
 e - a javelin (quivered)
Armour
 j - a +2 robe (worn)
Jewellery
 l - an amulet of magic regeneration (around neck)
 n - a +4 ring of protection (left hand)
Scrolls
 f - 2 scrolls of teleportation {unknown}
 h - 2 scrolls of blinking {unknown}
 o - a scroll of summoning {unknown}
Potions
 c - a potion of ambrosia
 i - a potion of curing
 k - 3 potions of resistance {unknown}
 m - a potion of heal wounds {unknown}
 p - a potion of haste


   Skills:
 + Level 3.3 Fighting
 * Level 4.0 Long Blades
 - Level 2.4 Dodging
 + Level 2.7 Stealth
 + Level 1.9 Spellcasting


You had 7 spell levels left.
You didn't know any spells.
Your spell library was empty.

Dungeon Overview and Level Annotations

Branches:
Dungeon (5/15)
 Temple: D:4-7

Altars:
Cheibriados
Kikubaaqudgha
Qazlal
Trog


Innate Abilities, Weirdness & Mutations

You have extremely sharp teeth.
Your natural rate of healing is unusually fast.
When hurt, damage is shared between your health and your magic reserves.
Your bite disrupts and absorbs the magic of your enemies.
Potions cannot restore your health.


Message History

You climb upwards.
There is a stone staircase leading down here.
Things that are here:
a +0 robe; a +0 dagger; an orc corpse An endoplasm comes into view.
An ogre comes into view. It is wielding a +0 giant club.
The ogre shouts!
The endoplasm quivers.
The endoplasm hits you but does no damage.
The endoplasm freezes you.
You are frozen.
The endoplasm freezes you.
You are frozen.
Throw: 2 javelins
Press: ? - help, Q - select action, (/) - cycle Shift-Dir - straight line, f - endoplasm
Aim: an endoplasm (86% to hit)
You throw a javelin.
The javelin barely misses the endoplasm.
The endoplasm freezes you.
You are frozen.
You feel very mighty all of a sudden. The endoplasm freezes you.
You are frozen.
The ogre hits you with a +0 giant club!!
Ouch! That really hurt!
* * * LOW HITPOINT WARNING * * *
An adder comes into view.
The adder hisses angrily.
You hit the ogre.
The ogre is moderately wounded.
The endoplasm barely misses you. The ogre barely misses you.
You puncture the ogre!
The ogre looks as sick as possible!
The ogre is severely wounded.
The endoplasm freezes you.
You are frozen.
* * * LOW HITPOINT WARNING * * *
You barely miss the ogre.
The ogre is severely wounded.
The endoplasm barely misses you. The ogre hits you with a +0 giant club!
You die...

#..... ### .....# #.. .
.....#. ### ... .......
+.. ..#. ....... ###
....####....... +..
.....(......... ###
......J........
.....SO@.......
.........###... .....
...####..# . ..... ..
#..### #.#.. .. .
##....###+##.#.#.#.
........##..##.##.#.#...
...#......#.....#.#.###.
..........#[...#.#.....
............>)........#


You could see an ogre (extremely poisoned), an adder and an endoplasm.

Vanquished Creatures
  Jessica (D:3)
  An orc wizard (D:4)
  A worm (D:2)
  A dart slug (D:1)
  3 orcs
  7 bats
  8 endoplasms
  A giant cockroach (D:1)
  5 goblins
  A hobgoblin (D:2)
  9 jackals
  A quokka (D:1)
  A ball python (D:1)
  3 frilled lizards
  6 kobolds
  5 rats
54 creatures vanquished.

Notes
Turn   | Place    | Note
-------+----------+-------------------------------------------
     0 | D:1      | DeathPants the Vine Stalker Monk began the quest for the
                  | Orb.
     0 | D:1      | Reached XP level 1. HP: 11/11 MP: 2/2
   118 | D:1      | Found a faded altar of an unknown god.
   164 | D:1      | Reached XP level 2. HP: 9/16 MP: 0/3
   232 | D:1      | Reached skill level 3 in Long Blades
   430 | D:1      | Reached skill level 1 in Spellcasting
   532 | D:1      | Reached XP level 3. HP: 12/19 MP: 5/5
   937 | D:3      | Noticed Jessica
   951 | D:3      | Killed Jessica
  1039 | D:2      | Gained mutation: Your natural rate of healing is unusually
                  | fast. [Vine Stalker growth]
  1039 | D:2      | Reached XP level 4. HP: 24/24 MP: 7/7
  1679 | D:3      | Found an ancient bone altar of Kikubaaqudgha.
  1728 | D:3      | Found a stormy altar of Qazlal.
  1753 | D:3      | Noticed a fire elemental
  1754 | D:3      | Noticed an air elemental
  1754 | D:3      | Noticed a water elemental
  1754 | D:3      | Noticed an earth elemental
  1940 | D:3      | Found a bloodstained altar of Trog.
  1969 | D:3      | Found a snail-covered altar of Cheibriados.
  2437 | D:5      | Entered Level 5 of the Dungeon
  2456 | D:4      | Reached skill level 4 in Long Blades
  2460 | D:4      | Reached XP level 5. HP: 26/28 MP: 8/8
  2569 | D:5      | Noticed an ogre
  2586 | D:4      | Noticed an ogre
  2595 | D:4      | Slain by an ogre

Illustrated notes

Levels and vault maps discovered:
D:1:      dpeg_arrival_simpleton_c, layout_basic,
          ebering_ecumenical_altar_petrified, kennysheep_nondescript
D:2:      layout_basic
D:3:      layout_loops_corners, kiku_gazebo_garden_becter,
          lemuel_coloured_pillars_altar, cheibriados_altar_1,
          nicolae_qazlal_style_of_elements, minmay_three_crescents, uniq_jessica
D:4:      layout_basic, grunt_dithmenos_smoke_and_mirrors,
          nicolae_hepliaklqana_hippocampus, uniq_natasha
D:5:      layout_gridville, nicolae_overflow_crystal_walls,
          nicolae_overflow_hidden_temple, minmay_temple_entry_wispy,
          ebering_ghost_reflecting_pool, serial_shops, nicolae_shop_statue_plus,
          chequers_serial_rivers_micro_d, uniq_pikel, uniq_blork_the_orc

Skill      XL: |  1  2  3  4 |
---------------+-------------+-----
Long Blades    | 3 4 |  4.0
Spellcasting   | 1 |  1.9
Fighting       | 3 |  3.3
Dodging        | |  2.4
Stealth        | |  2.7

Action                     |  1- 3 |  4- 6 || total
---------------------------+-------+-------++-------
  Melee: Falchion          |    68 |    28 ||    96
         Bite              |    20 |    19 ||    39
         Dagger            |       |    40 ||    40
         Punch             |       |     1 ||     1
  Throw: Javelin           |       |     1 ||     1
    Use: Scroll            |       |     4 ||     4
         Potion            |       |     1 ||     1
   Stab: Sleeping          |     5 |     2 ||     7
 Armour: Robe              |    15 |    28 ||    43
  Dodge: Dodged            |    40 |    60 ||   100

Table legend: (Time is in decaauts)
 A = Elapsed time spent in this place.
 B = Non-inter-level travel time spent in this place.
 C = Inter-level travel time spent in this place.
 D = Time resting spent in this place.
 E = Time spent auto-exploring this place.
 F = Levels seen in this place.
 G = Mean time per level.
                   A        B        C        D        E       F      G
               +--------+--------+--------+--------+--------+-----+--------+
         Total |   2606 |   2563 |     43 |    150 |   1764 |   5 |  521.2 |
       Dungeon |   2606 |   2563 |     43 |    150 |   1764 |   5 |  521.2 |
               +--------+--------+--------+--------+--------+-----+--------+

Top non-repeatable levels by time:
     D:3: 927 daAuts
     D:1: 887 daAuts
     D:2: 561 daAuts
     D:4: 206 daAuts
     D:5: 24 daAuts
